 Dungeon Crawl Stone Soup version 0.25-a0-340-ga1faa1601d (webtiles) character file.

Game seed: 9953707272018657027, levelgen mode: deterministic

25 pk666 the Magician (level 2, 0/15 HPs)
             Began as a Deep Elf Wizard on Dec 29, 2019.
             Slain by a rat (3 damage)
             ... on level 1 of the Dungeon.
             The game lasted 00:00:59 (863 turns).

pk666 the Magician (Deep Elf Wizard)                 Turns: 863, Time: 00:01:00

Health: 0/15       AC:  2    Str:  4    XL:     2   Next: 86%
Magic:  0/9        EV: 13    Int: 22    God:
Gold:   24         SH:  0    Dex: 13    Spells: 9/10 levels left

rFire    . . .     SeeInvis .   g - +1 dagger (elec)
rCold    . . .     Gourm    .   (no shield)
rNeg     . . .     Faith    .   a - +0 robe
rPois    .         Spirit   .   b - +0 hat
rElec    .         Reflect  .   (no cloak)
rCorr    .         Harm     .   (no gloves)
MR       .....                  (no boots)
Stlth    ++........             (no amulet)
HPRegen  0.05/turn              (no ring)
MPRegen  0.11/turn              (no ring)

@: very slightly contaminated
A: no striking features
a: no special abilities


You were on level 1 of the Dungeon.
You were not hungry.

You visited 1 branch of the dungeon, and saw 1 of its levels.

You collected 24 gold pieces.

Inventory:

Hand Weapons
 g - a +1 dagger of electrocution (weapon)
Armour
 a - a +0 robe (worn)
 b - a +0 hat (worn)
Jewellery
 h - an uncursed ring of wizardry {unknown}
Scrolls
 f - 4 scrolls of enchant armour {unknown}
Potions
 c - a potion of resistance {unknown}
 e - a potion of heal wounds {unknown}
Comestibles
 d - a ration


   Skills:
 + Level 3.1 Dodging
 - Level 2.4 Stealth
 + Level 4.9 Spellcasting
 + Level 2.0 Conjurations
   Level 1.1 Summonings
   Level 1.1 Translocations


You had 9 spell levels left.
You knew the following spells:

 Your Spells              Type           Power        Failure   Level  Hunger
a - Magic Dart            Conj           ##..         4%          1    None

Your spell library contained the following spells:

 Spells                   Type           Power        Failure   Level  Hunger
 Blink                    Tloc           N/A          10%         2    None
 Call Imp                 Summ           ##......     10%         2    None
 Slow                     Hex            #.......     16%         2    None
 Conjure Flame            Conj/Fire      #.......     21%         3    ##.....
 Mephitic Cloud           Conj/Pois/Air  #.......     24%         3    ##.....


Dungeon Overview and Level Annotations

Branches:
Dungeon (1/15)

Altars:


Message History

* * * LOW HITPOINT WARNING * * *
The jackal closely misses you.
You closely miss the jackal.
The jackal is heavily wounded.
The jackal bites you.
* * * LOW HITPOINT WARNING * * *
The rat barely misses you.
You hit the jackal.
The jackal is severely wounded.
The jackal bites you.
* * * LOW HITPOINT WARNING * * *
The rat barely misses you.
The jackal bites you but does no damage.
You closely miss the jackal.
The jackal is severely wounded.
The jackal closely misses you. The rat misses you.
You barely miss the jackal.
The jackal is severely wounded.
The jackal misses you. The rat bites you.
You die...

# # .......#
# ......# #
.....# #
....# # ...#
# ..# #+#h#
#.#@#
#.#r######.
#..........
###.######.#
#.# #.# #.#
#.# #.# #.#
######## #.#
#.# .......#
#.# #.#


You could see a jackal and a rat.

Vanquished Creatures
  2 leopard geckos (D:1)
  2 goblins (D:1)
  5 hobgoblins (D:1)
  6 jackals (D:1)
  4 kobolds (D:1)
19 creatures vanquished.

Notes
Turn   | Place    | Note
-------+----------+-------------------------------------------
     0 | D:1      | pk666 the Deep Elf Wizard began the quest for the Orb.
     0 | D:1      | Reached XP level 1. HP: 10/10 MP: 7/7
   206 | D:1      | Reached XP level 2. HP: 9/15 MP: 1/9
   863 | D:1      | Slain by a rat

Levels and vault maps discovered:
D:1:      dpeg_arrival_tiny_a, layout_basic, serial_park_tiny_1

Skill      XL: |  1  2 |
---------------+-------+-----
Dodging        | 3 |  3.1
Conjurations   | 2 |  2.0
Stealth        | |  2.4
Spellcasting   | |  4.9
Summonings     | |  1.1
Translocations | |  1.1

Action                   || total
-------------------------++-------
Melee: Dagger            ||    37
       Unarmed           ||     1
 Cast: Magic Dart        ||    49
Armor: Robe              ||    18
Dodge: Dodged            ||    49

Table legend:
 A = Non-vault XP
 B = Vault XP
 C = Vault XP percentage of total XP
 D = Non-vault monster count
 E = Vault monster count
 F = Vault count percentage of total count
                 A         B        C        D         E       F
            +---------+---------+-------+---------+---------+-------
      Total |      37 |       0 |   0.0 |      19 |       0 |   0.0
            +---------+---------+-------+---------+---------+-------
        D:1 |      37 |       0 |   0.0 |      19 |       0 |   0.0
            +---------+---------+-------+---------+---------+-------
